 Dungeon Crawl Stone Soup version 0.18.1-47-g9310371 (webtiles) character file.

136 sveltemanboy the Chucker (level 5, -1/53 HPs)
             Began as an Ogre Hunter on June 17, 2016.
             Slain by PeterLawrence's ghost (9 damage)
             ... on level 3 of the Dungeon.
             The game lasted 00:09:17 (3280 turns).

sveltemanboy the Chucker (Ogre Hunter)              Turns: 3280, Time: 00:09:18

Health: -1/53      AC:  3    Str: 18    XL:     5   Next: 19%
Magic:  5/5        EV: 10    Int: 10    God:
Gold:   83         SH:  0    Dex: 10    Spells: 0 memorised, 4 levels left

rFire  + . .     SeeInvis .     d - +0 flail
rCold  x . .     Gourm    .     b - +0 robe
rNeg   . . .     Faith    .     (no shield)
rPois  .         Spirit   .     (helmet restricted)
rElec  .         Dismiss  .     (no cloak)
rCorr  .         Reflect  .     (gloves unavailable)
SustAt .         Harm     .     (boots unavailable)
MR     .....                    (no amulet)
Stlth  +.........               (no ring)
                                l - ring of fire

@: not resistant to hostile enchantments, very unstealthy
A: unfitting armour, tough skin 1
a: no special abilities


You were on level 3 of the Dungeon.
You were not hungry.

You visited 1 branch of the dungeon, and saw 3 of its levels.

You collected 83 gold pieces.

Inventory:

Hand Weapons
 d - a +0 flail (weapon)
Missiles
 g - 27 stones (quivered)
Armour
 b - a +0 robe (worn)
Jewellery
 l - a ring of fire (left hand)
Scrolls
 a - a scroll of noise {unknown}
 i - 2 scrolls of amnesia {unknown}
 o - a scroll of fear {unknown}
 p - a scroll of fog {unknown}
 q - 6 scrolls of identify {unknown}
 t - a scroll of enchant armour {unknown}
Potions
 r - a potion of brilliance
Comestibles
 f - a bread ration
 h - 5 fruits
 j - 3 chunks of flesh
 n - a meat ration


   Skills:
 - Level 3.0 Fighting
 * Level 4.2 Maces & Flails
 + Level 4.4 Throwing
 - Level 1.0 Armour
 + Level 2.5 Dodging
 - Level 0.7 Stealth


You had 4 spell levels left.
You didn't know any spells.

Dungeon Overview and Level Annotations

Branches:
Dungeon (3/15)

Altars:
Sif Muna

Annotations:
D:3 PeterLawrence's ghost, amateur DsFi


Innate Abilities, Weirdness & Mutations

You are too large for most types of armour.
You have tough skin (AC +1).


Message History

You hit PeterLawrence's ghost.
PeterLawrence's ghost is severely damaged.
PeterLawrence's ghost hits you!
You hit PeterLawrence's ghost but do no damage.
PeterLawrence's ghost is severely damaged.
PeterLawrence's ghost hits you.
You sock PeterLawrence's ghost!
PeterLawrence's ghost is almost destroyed.
PeterLawrence's ghost barely misses you.
You hit PeterLawrence's ghost but do no damage.
PeterLawrence's ghost is almost destroyed.
PeterLawrence's ghost hits you!
* * * LOW HITPOINT WARNING * * *
PeterLawrence's ghost hits you.
* * * LOW HITPOINT WARNING * * *
You are too injured to fight recklessly!
You barely miss PeterLawrence's ghost.
PeterLawrence's ghost is almost destroyed.
PeterLawrence's ghost hits you!
You die...

#. #........ .
#........ #.
#(.......
#.##........
#...(.......
#...(.......
#...W.......
#...@....#
#........##..........
#........##..........
##...................
##..........((.(.....
#....................
#.................o.#
#...........(........
#....>....(..#


You could see PeterLawrence's ghost.

Vanquished Creatures
  An orc priest (D:2)
  2 gnolls (D:2)
  3 adders (D:2)
  An ooze (D:2)
  A worm (D:3)
  A dart slug (D:2)
  A giant gecko (D:3)
  4 orcs (D:3)
  3 giant cockroaches
  7 hobgoblins
  7 bats
  2 giant newts (D:2)
  5 goblins
  5 kobolds (D:1)
  5 rats
48 creatures vanquished.

Notes
Turn   | Place    | Note
--------------------------------------------------------------
     0 | D:1      | sveltemanboy the Ogre Hunter began the quest for the Orb.
     0 | D:1      | Reached XP level 1. HP: 22/22 MP: 1/1
   300 | D:1      | Reached skill level 1 in Maces & Flails
   438 | D:1      | Reached XP level 2. HP: 28/31 MP: 2/2
  1298 | D:2      | Reached skill level 1 in Armour
  1298 | D:2      | Reached XP level 3. HP: 34/37 MP: 3/3
  1985 | D:2      | Found a deep blue altar of Sif Muna.
  2305 | D:3      | Reached XP level 4. HP: 25/45 MP: 4/4
  3175 | D:2      | Reached XP level 5. HP: 53/53 MP: 5/5
  3268 | D:3      | Noticed PeterLawrence's ghost (amateur DsFi)
  3280 | D:3      | Slain by PeterLawrence's ghost

Skill      XL: |  1  2  3  4 |
---------------+-------------+-----
Maces & Flails | 1 2 3 4 |  4.2
Fighting       | 3 |  3.0
Armour         | 1 |  1.0
Dodging        | 2 |  2.5
Throwing       | |  4.4
Stealth        | |  0.7

Action                   |  1- 3 |  4- 6 || total
-------------------------+-------+-------++-------
Melee: Club              |   138 |    10 ||   148
       Unarmed           |     6 |       ||     6
       Flail             |       |    32 ||    32
Throw: Stone             |    60 |    30 ||    90
       Throwing net      |     2 |     2 ||     4
       Large rock        |     8 |     6 ||    14
  Use: Potion            |     1 |     6 ||     7
  Eat: Chunk             |     4 |     3 ||     7
       Fruit             |       |     1 ||     1
Armor: Robe              |    55 |    14 ||    69
Dodge: Dodged            |    98 |    45 ||   143
